 Dungeon Crawl Stone Soup version 0.21.1-1-g345015f (webtiles) character file.

26 Monsterracer the Vexing (level 3, -1/21 HPs)
             Began as a Gargoyle Arcane Marksman on Apr 16, 2018.
             Was an Initiate of Elyvilon.
             Slain by an adder (4 damage)
             ... on level 2 of the Dungeon.
             The game lasted 00:02:46 (1703 turns).

Monsterracer the Vexing (Gargoyle Arcane Marksman)  Turns: 1703, Time: 00:02:47

Health: -1/21      AC:  5    Str: 14    XL:     3   Next: 8%
Magic:  4/4        EV: 12    Int: 13    God:    Elyvilon [......]
Gold:   66         SH:  0    Dex: 10    Spells: 3/4 levels left

rFire    . . .     SeeInvis .   l - +0 whip
rCold    . . .     Gourm    .   (no shield)
rNeg     + . .     Faith    .   a - +0 robe
rPois    ∞         Spirit   .   (no helmet)
rElec    +         Reflect  .   h - scarf {cloud immunity}
rCorr    .         Harm     .   (no gloves)
MR       .....                  (no boots)
Stlth    +.........             (no amulet)
HPRegen  0.07/turn              (no ring)
MPRegen  0.09/turn              (no ring)

@: no status effects
A: negative energy resistance 1, electricity resistance, unbreathing,
petrification resistance, rot immunity, AC +3
a: Renounce Religion


You were on level 2 of the Dungeon.
You worshipped Elyvilon.
Elyvilon was noncommittal.
You were not hungry.

You visited 1 branch of the dungeon, and saw 2 of its levels.

You collected 66 gold pieces.

Inventory:

Hand Weapons
 l - a +0 whip (weapon)
Missiles
 d - 2 throwing nets
 f - 5 javelins (quivered)
Armour
 a - a +0 robe (worn)
 b - a +0 ring mail
 h - a scarf of cloud immunity (worn)
Scrolls
 g - a scroll of identify {unknown}
 k - a scroll of remove curse {unknown}
 n - a scroll of teleportation {unknown}
Potions
 e - a potion of heal wounds {unknown}
 i - a potion of curing {unknown}
 j - a potion of might {unknown}
Comestibles
 c - 2 rations
 m - a chunk of flesh


   Skills:
 + Level 1.7 Fighting
 * Level 2.3 Maces & Flails
 - Level 1.7 Throwing
 + Level 0.0 Armour
 - Level 1.5 Dodging
 - Level 1.0 Spellcasting
 - Level 2.6 Hexes


You had 3 spell levels left.
You knew the following spells:

 Your Spells              Type           Power        Failure   Level  Hunger
a - Corona                Hex            #......      10%         1    ##.....


Dungeon Overview and Level Annotations

Branches:
Dungeon (2/15)

Altars:
Elyvilon


Innate Abilities, Weirdness & Mutations

You are resistant to torment.
Your stone body is resilient. (AC +3)
You are immune to poison.
You resist negative energy. (rN+)
You are resistant to electric shocks. (rElec)
You can survive without breathing.
You are immune to petrification.
You are immune to rotting.


Message History

The leopard gecko hisses angrily.
The leopard gecko bites you.
You see here a scroll labeled RELLAI LAPUSHANAU.
You take 1 damage, and have 20/21 hp.
You barely miss the leopard gecko.
The leopard gecko bites you but does no damage.
You miss the leopard gecko. The leopard gecko closely misses you.
You barely miss the leopard gecko.
The leopard gecko bites you but does no damage.
You hit the leopard gecko.
You kill the leopard gecko!
No target in view!
You see here a leopard gecko corpse.
Found a stone staircase leading down.
There is a white marble altar of Elyvilon here.
You see here a leopard gecko corpse.
You butcher the leopard gecko corpse.
m - 2 chunks of flesh You see here a leopard gecko skeleton.
n - a scroll labeled RELLAI LAPUSHANAU Health restored: 21 Eat one of 2 chunks of flesh? (ye/n/q)
You eat one of the 2 chunks of flesh.
This raw flesh tastes terrible.
c - 2 rations (gained 1)
You see here a leopard gecko skeleton.
There is a white marble altar of Elyvilon here.
You kneel at the altar of Elyvilon.
Elyvilon welcomes you!
Drop what? 14/52 slots (_ for help) (? for menu, Esc to quit)
You drop a book of Debilitation.
A goblin comes into view. It is wielding a dagger.
The goblin shouts!
A hobgoblin comes into view.
Found a runed gilded ring.
The goblin barely misses you.
You see here a ring mail.
b - a ring mail The goblin hits you but does no damage.
The hobgoblin barely misses you.
An adder comes into view.
The adder hisses angrily.
Found a robe.
You closely miss the goblin.
A rat comes into view.
The adder bites you but does no damage. The adder completely misses you.
The adder bites you.
The hobgoblin hits you but does no damage.
You take 2 damage, and have 19/21 hp.
The adder bites you but does no damage.
You closely miss the adder. The adder bites you but does no damage.
The adder barely misses you.
You closely miss the adder. The adder misses you.
You barely miss the adder. The adder closely misses you.
You hit the adder.
The adder is moderately wounded.
The adder bites you.
You take 4 damage, and have 15/21 hp.
You completely miss the adder.
The adder is moderately wounded.
The adder bites you. The adder bites you but does no damage.
You take 3 damage, and have 12/21 hp.
You barely miss the adder.
The adder is moderately wounded.
The adder bites you.
You take 1 damage, and have 11/21 hp.
You closely miss the adder.
The adder is moderately wounded.
The adder closely misses you.
You hit the adder.
The adder is almost dead.
The adder closely misses you. The adder barely misses you.
You hit the adder but do no damage.
The adder is almost dead.
The adder bites you.
* * * LOW HITPOINT WARNING * * *
You take 3 damage, and have 8/21 hp.
You closely miss the adder.
The adder is almost dead.
The adder misses you.
You hit the adder but do no damage.
The adder is almost dead.
The adder barely misses you.
You barely miss the adder.
The adder is almost dead.
The adder bites you.
* * * LOW HITPOINT WARNING * * *
The adder bites you but does no damage.
You take 2 damage, and have 6/21 hp.
You barely miss the adder.
The adder is almost dead.
The adder bites you.
* * * LOW HITPOINT WARNING * * *
You take 3 damage, and have 3/21 hp.
You closely miss the adder.
The adder is almost dead.
The adder bites you but does no damage.
You barely miss the adder.
The adder is almost dead.
The adder bites you but does no damage. The adder bites you.
You die...

#........# #<....#.
#........#.###.###.
#........#(........
#........#####.####
#[.......# #.#
###........# #.#
#..gg#####.### #.#
.....##S# #...###.##..
..## #@# ##...........
........####..####.####.
...###........##.....##
#........#.......#
#........#...÷...#.
#=..........._.....
#........#.......#.
#........#.......#.
......##.##.....##


You could see an adder, a hobgoblin and a goblin.

Vanquished Creatures
  A leopard gecko (D:2)
  3 bats (D:1)
  3 hobgoblins (D:1)
  2 jackals (D:1)
  2 kobolds (D:1)
  A ball python (D:1)
  2 frilled lizards (D:1)
  6 goblins (D:1)
  3 rats (D:1)
23 creatures vanquished.

Notes
Turn   | Place    | Note
-------+----------+-------------------------------------------
     0 | D:1      | Monsterracer the Gargoyle Arcane Marksman began the quest for the Orb.
     0 | D:1      | Reached XP level 1. HP: 12/12 MP: 2/2
   292 | D:1      | Reached skill level 1 in Maces & Flails
   292 | D:1      | Reached XP level 2. HP: 11/17 MP: 3/3
   981 | D:1      | HP: 8/17 [goblin/dagger (1)]
  1260 | D:1      | Reached XP level 3. HP: 21/21 MP: 4/4
  1636 | D:2      | Found a white marble altar of Elyvilon.
  1663 | D:2      | Became a worshipper of Elyvilon the Healer
  1697 | D:2      | HP: 8/21 [adder (3)]
  1701 | D:2      | HP: 3/21 [adder (3)]
  1703 | D:2      | Slain by an adder

Skill      XL: |  1  2 |
---------------+-------+-----
Maces & Flails | 1 2 |  2.3
Fighting       | |  1.7
Throwing       | |  1.7
Dodging        | |  1.5
Spellcasting   | |  1.0
Hexes          | |  2.6

Action                   || total
-------------------------++-------
Melee: Unarmed           ||    36
       Club              ||   101
       Whip              ||    20
Throw: Javelin           ||     1
  Eat: Chunk             ||     3
Armor: Robe              ||    74
Dodge: Dodged            ||   138

Vault maps used:
D:1:      onia_arrival_pyramid, minmay_bisected
D:2:      cheibrodos_greedy_goblins, old_standard_altar, kennysheep_flooded_box,
          minmay_heptomino_l4, uniq_terence
